 Dungeon Crawl Stone Soup version 0.32-a0-132-g2d33c3cfaf (webtiles) character file.

Game seed: 4917413530672532174

1225 Dirtsage the Changeling (level 8, -9/54 HPs)
             Began as an Octopode Shapeshifter on Feb 9, 2024.
             Mangled by an iguana (11 damage)
             ... on level 6 of the Dungeon.
             The game lasted 00:09:05 (4602 turns).

Dirtsage the Changeling (Octopode Shapeshifter)     Turns: 4602, Time: 00:09:06

Health: -9/54      AC:  1    Str: 14    XL:     8   Next: 47%
Magic:  8/8        EV: 14    Int: 18    God:
Gold:   231        SH:  0    Dex: 13    Spells: 7/7 levels left

rFire   . .          .
                       - Unarmed
rCold   . . .        (no shield)
rNeg    + . .        (helmet currently unavailable)
rPois   .            (no amulet)
rElec   .            N - ring of positive energy
rCorr   .            l - +6 ring of intelligence
SInv    .            m - ring of willpower
Will    +....        (no ring)
Stlth   ++           (no ring)
HPRegen 0.29/turn    (no ring)
MPRegen 0.11/turn    (no ring)
                     (no ring)

%: no passive effects
@: beast-form
A: beast (slay +3), almost no armour, amphibious, 8 rings, camouflage 1,
gelatinous body 1, (nimble swimmer 1), tentacles
a: Begin Untransformation


You were on level 6 of the Dungeon.
You were a hulking beast.
You visited 1 branch of the dungeon, and saw 6 of its levels.

You collected 231 gold pieces.

Inventory:

Missiles
 r - a throwing net (quivered)
Armour
 t - a +2 hat
Jewellery
 l - a +6 ring of intelligence (right tentacle)
 m - a ring of willpower (on tentacle)
 N - a ring of positive energy (left tentacle)
Talismans
 b - a beast talisman
 c - a flux talisman
Wands
 h - a wand of flame (2)
 s - a wand of acid (5)
 D - a wand of digging (8)
Scrolls
 e - a scroll of fear {unknown}
 f - 4 scrolls of identify {unknown}
 g - 3 scrolls of enchant weapon {unknown}
 i - 4 scrolls of poison {unknown}
 o - a scroll of vulnerability {unknown}
 p - a scroll of noise {unknown}
 u - a scroll of amnesia {unknown}
 v - a scroll of enchant armour {unknown}
Potions
 a - a potion of invisibility {unknown}
 d - 2 potions of brilliance {unknown}
 j - a potion of degeneration {unknown}
 k - a potion of mutation {unknown}
 n - a potion of haste {unknown}
 q - 4 potions of curing


   Skills:
 + Level 4.3 Fighting
 + Level 4.7 Dodging
 + Level 5.3 Unarmed Combat
 * Level 6.5 Shapeshifting


You had 7 spell levels left.
You didn't know any spells.
Your spell library contained the following spells:

 Spells                   Type           Power      Damage    Failure   Level
 Sublimation of Blood     Necr           0%         N/A       32%         2
 Petrify                  Alch/Erth      0%         N/A       91%         4
 Irradiate                Conj/Alch      0%         3d11      99%         5
 Summon Forest            Summ/Tloc      0%         N/A       99%         5
 Summon Mana Viper        Hex/Summ       0%         N/A       99%         5
 Summon Cactus Giant      Summ           0%         N/A       100%        6


Dungeon Overview and Level Annotations

Branches:
Dungeon (6/15)
 Temple: D:4-7

Altars:
Ashenzari
Hepliaklqana
Makhleb
Trog
Uskayaw
Vehumet
Wu Jian
Yredelemnul
Zin

Shops:
D:1 [   D:3 [

Annotations:
D:4 3 runed translucent doors, SoakedWettersCrisps's ghost, amateur DsNe


Innate Abilities, Weirdness & Mutations

You are a hulking beast.
Your limbs bulge with bestial killing power. (Slay +3)
You cannot wear most types of armour.
You are amphibious.
You can wear up to eight rings at the same time.
Your skin changes colour to match your surroundings (Stealth+).
Your rubbery body absorbs attacks. (AC +1, EV +1)
((You are camouflaged when in or above water. (Stealth+)))
You have tentacles for arms and can constrict up to eight enemies at once.


Message History

You kill the adder!
No target in view!
No target in view!
Found a bloodstained altar of Trog.
Found a basalt altar of Yredelemnul.
Found three altars.
A steam dragon comes into view.
The steam dragon breathes steam at you. The ball of steam hits you!
You hear a shout!
You take 10 damage, and have 44/54 hp.
You hear an angry hiss.
Okay, then.
An orc comes into view. It is wielding a +0 club.
An iguana comes into view.
You closely miss the orc. Your grab misses the orc. You tentacle-slap the orc.
The orc is moderately wounded.
An orc priest comes into view. It is wielding a +0 club.
The orc barely misses you.
The orc priest shouts!
You bludgeon the orc!
You kill the orc!
You hear a shout!
An orc priest comes into view. It is wielding a +0 club.
The iguana attacks as it pursues you! The iguana bites you!
You take 8 damage, and have 38/54 hp.
You barely miss the steam dragon.
The orc priest invokes the aid of Beogh against you.
Beogh smites you!
The orc priest invokes the aid of Beogh against you.
Beogh smites you! The steam dragon bites you.
* * * LOW HITPOINT WARNING * * *
The steam dragon barely misses you. The iguana bites you!
* * * LOW HITPOINT WARNING * * *
You take 37 damage, and have 1/54 hp.
MASSIVE DAMAGE!!
You tentacle-slap the steam dragon.
The steam dragon is lightly wounded.
The steam dragon barely misses you. The steam dragon closely misses you.
The iguana bites you!
You die...

..# ..# #### ##D#
...# #... ...+
#..# ...######
#ยงยง# ........#
#..# # #...###.#
#..####.##.##
#.#.###.#
#..Dhlo..o...
#.#.#...#
#.####...#.#.
#.#.#.#######.#
.....#
#.#.#.........#
#.####
..#.#.#..........#
..
###.###.##########
.##
....#............#
#
#.###...._...###.#
#.# #..........#.#


You could see a steam dragon, an iguana and 2 orc priests.

Vanquished Creatures
  A water moccasin (D:3)
  2 black bears
  An ogre (D:6)
  2 centaurs (D:5)
  A bullfrog (D:5)
  A scorpion (D:6)
  4 wights (D:4)
  A bombardier beetle (D:4)
  2 hounds
  An orc priest (D:5)
  3 sleepcaps
  An iguana (D:4)
  8 gnolls
  2 adders
  A white imp (D:5)
  A dart slug (D:2)
  5 orcs
  2 endoplasms
  A giant cockroach (D:2)
  4 goblins
  7 hobgoblins
  4 jackals (D:1)
  6 kobolds
  2 quokkas (D:4)
  5 ball pythons
  3 bats
  5 frilled lizards
  7 rats
83 creatures vanquished.

Notes
Turn   | Place    | Note
-------+----------+-------------------------------------------
     0 | D:1      | Dirtsage the Octopode Shapeshifter began the quest for the
                  | Orb.
     0 | D:1      | Reached XP level 1. HP: 13/13 MP: 1/1
   156 | D:1      | Reached XP level 2. HP: 18/18 MP: 2/2
   382 | D:1      | Found Senis's Armour Shop.
   785 | D:2      | Found a faded altar of an unknown god.
   828 | D:2      | Reached XP level 3. HP: 23/23 MP: 3/3
  1696 | D:3      | Found an ornate altar of the Wu Jian Council.
  1754 | D:3      | Found a broken altar of Ashenzari.
  1834 | D:3      | Found Ipulam's Armour Shop.
  1865 | D:3      | Reached XP level 4. HP: 20/29 MP: 4/4
  2034 | D:3      | Noticed a water moccasin
  2053 | D:3      | Killed a water moccasin
  2054 | D:3      | Reached skill level 4 in Shapeshifting
  2054 | D:3      | Reached XP level 5. HP: 22/35 MP: 5/5
  2569 | D:4      | Reached XP level 6. HP: 33/41 MP: 6/6
  3096 | D:4      | Reached skill level 5 in Shapeshifting
  3096 | D:4      | Reached XP level 7. HP: 46/46 MP: 7/7
  3416 | D:4      | Found a runed translucent gate.
  3416 | D:4      | Found a runed translucent gate.
  3416 | D:4      | Found a runed translucent gate.
  3419 | D:4      | Noticed SoakedWettersCrisps's ghost (amateur DsNe)
  3592 | D:4      | Found a hide-covered altar of Uskayaw.
  3692 | D:5      | Entered Level 5 of the Dungeon
  3817 | D:5      | HP: 1/46 [centaur (6)]
  4051 | D:5      | Reached XP level 8. HP: 32/54 MP: 8/8
  4069 | D:5      | Reached skill level 5 in Unarmed Combat
  4069 | D:5      | Reached skill level 6 in Shapeshifting
  4267 | D:6      | Found a glowing silver altar of Zin.
  4566 | D:6      | Found a bloodstained altar of Trog.
  4568 | D:6      | Found a basalt altar of Yredelemnul.
  4569 | D:6      | Found a radiant altar of Vehumet.
  4569 | D:6      | Found a burning altar of Makhleb.
  4569 | D:6      | Found a hazy altar of Hepliaklqana.
  4601 | D:6      | HP: 1/54 [iguana (14)]
  4602 | D:6      | Mangled by an iguana

Illustrated notes

Levels and vault maps discovered:
D:1:      dpeg_arrival_court, layout_basic, serial_shops, shop,
          grunt_decor_clamped, roderic_st_hans_cross, minmay_door_square
D:2:      layout_basic, ebering_ecumenical_altar_hall,
          hangedman_decor_clover_reticule
D:3:      layout_loops_ring, overflow_temple_1_default,
          overflow_temple_1_default, serial_shops, shop, minmay_fountain_box,
          serial_bayou_ford_a, nicolae_grassy_gnolls
D:4:      layout_loops_cross, nicolae_uskayaw_suspiria,
          gammafunk_ghost_necromancy, hellmonk_no_cap
D:5:      layout_loops_cross
D:6:      layout_basic, grunt_temple_overflow_open, lemuel_blue_sif_altar,
          kennysheep_mini_moat, lemuel_crystal_altar

Skill      XL: |  1  2  3  4  5  6  7  8 |
---------------+-------------------------+-----
Fighting       | 2 3 4 |  4.3
Dodging        | 3 4 |  4.7
Shapeshifting  | 4 5 6 |  6.5
Unarmed Combat | 4 5 |  5.3

Action                     |  1- 3 |  4- 6 |  7- 9 || total
---------------------------+-------+-------+-------++-------
  Melee: Unarmed           |    62 |    66 |    70 ||   198
         Constrict         |    20 |    21 |    14 ||    55
         Tentacles         |    11 |    16 |    18 ||    45
         Punch             |     2 |     3 |     8 ||    13
    Use: Potion            |       |     2 |       ||     2
   Stab: Sleeping          |     6 |     2 |     3 ||    11
 Armour: Skin              |    21 |    34 |    51 ||   106
  Dodge: Dodged            |    30 |    33 |    42 ||   105

Table legend: (Time is in decaauts)
 A = Elapsed time spent in this place.
 B = Non-inter-level travel time spent in this place.
 C = Inter-level travel time spent in this place.
 D = Time resting spent in this place.
 E = Time spent auto-exploring this place.
 F = Levels seen in this place.
 G = Mean time per level.
                   A        B        C        D        E       F      G
               +--------+--------+--------+--------+--------+-----+--------+
         Total |   4584 |   4474 |    110 |    351 |   3535 |   6 |  764.0 |
       Dungeon |   4584 |   4474 |    110 |    351 |   3535 |   6 |  764.0 |
               +--------+--------+--------+--------+--------+-----+--------+

Top non-repeatable levels by time:
     D:4: 1162 daAuts
     D:2: 924 daAuts
     D:3: 833 daAuts
     D:1: 760 daAuts
     D:6: 520 daAuts
     D:5: 383 daAuts
